 Dungeon Crawl Stone Soup version 0.29-a0-830-gcb1280458a (webtiles) character file.

Game seed: 15879767432471124663

9998 blackman the Skirmisher (level 11, -4/81 HPs)
             Began as a Demonspawn Artificer on July 9, 2022.
             Was an Initiate of Gozag.
             Slain by a boulder beetle (5 damage)
             ... on level 10 of the Dungeon on July 11, 2022.
             The game lasted 00:46:40 (16811 turns).

blackman the Skirmisher (Demonspawn Artificer)     Turns: 16811, Time: 00:46:40

Health: -4/81      AC: 26    Str: 17    XL:     11   Next: 30%
Magic:  11/11      EV:  5    Int: 13    God:    Gozag
Gold:   1732       SH:  0    Dex: 13    Spells: 10/10 levels left

rFire   . . .      SeeInvis +   a - +4 arbalest (flame)
rCold   . . .      Faith    .   (shield currently unavailable)
rNeg    . . .      Spirit   .   k - +0 plate armour
rPois   .          Reflect  .   w - +2 helmet {SInv}
rElec   .          Harm     .   (cloak unavailable)
rCorr   .          Rampage  .   H - +3 pair of gauntlets of War {Slay+5}
Will    .....                   o - +0 pair of boots
Stlth   ..........              (no amulet)
HPRegen 0.23/turn               t - +4 ring of protection
MPRegen 0.12/turn               (no ring)

@: mighty
A: icy blue scales 2, powered by pain 2, weakness stinger 3
a: Renounce Religion, Potion Petition, Call Merchant, Bribe Branch


You were on level 10 of the Dungeon.
You worshipped Gozag.
Gozag was most pleased with you.
You visited 2 branches of the dungeon, and saw 12 of its levels.

You collected 3579 gold pieces.
You spent 1804 gold pieces at shops.
You paid 43 gold pieces to Gozag.

Inventory:

Hand Weapons
 a - a +4 arbalest of flaming (weapon)
 b - a +1 halberd of flaming
 j - a +1 dagger of venom
 y - a +0 club
 z - a +1 vampiric hand axe
 C - a +0 club
 G - a +0 spear
 I - a +0 club
 K - a +0 giant club
 N - a +0 club
Missiles
 m - 3 silver javelins
Armour
 k - a +0 plate armour (worn)
 o - a +0 pair of boots (worn)
 w - a +2 helmet of see invisible (worn)
 F - a +0 leather armour
 H - the +3 pair of gauntlets of War (worn) {Slay+5}
   (You acquired it on level 6 of the Dungeon)

   Slay:      It affects your accuracy & damage with ranged weapons and melee
   (+5).
Jewellery
 q - a ring of wizardry
 t - a +4 ring of protection (left hand)
 Q - a +6 ring of dexterity
Wands
 c - a wand of flame (25)
 d - a wand of charming (18)
 e - a wand of polymorph (12)
Scrolls
 f - 2 scrolls of amnesia {unknown}
 i - 5 scrolls of identify
 l - 2 scrolls of immolation {unknown}
 p - 2 scrolls of vulnerability {unknown}
 x - 2 scrolls of noise {unknown}
 A - 6 scrolls of teleportation
 D - 3 scrolls of magic mapping
 E - 2 scrolls of enchant weapon {unknown}
 J - 4 scrolls of enchant armour {unknown}
 M - a scroll of brand weapon {unknown}
Potions
 g - 5 potions of heal wounds {unknown}
 h - 5 potions of curing
 n - 2 potions of might {unknown}
 r - a potion of cancellation {unknown}
 s - 3 potions of mutation {unknown}
 u - 4 potions of brilliance {unknown}
 v - 2 potions of ambrosia {unknown}
 B - 3 potions of lignification {unknown}
 L - 5 potions of degeneration {unknown}
 O - a potion of flight {unknown}
 P - a potion of resistance {unknown}
 R - a potion of attraction {unknown}
 S - 2 potions of haste {unknown}


   Skills:
 - Level 6.0 Fighting
 - Level 5.7 Polearms
 * Level 13.6 Ranged Weapons
 - Level 1.7 Armour
 - Level 0.8 Dodging
 - Level 0.8 Stealth
 - Level 5.1 Evocations


You had 10 spell levels left.
You didn't know any spells.
Your spell library contained the following spells:

 Spells                   Type           Power      Damage    Failure   Level
 Beastly Appendage        Tmut           0%         N/A       100%        1
 Necrotise                Necr           0%         1d4       100%        1
 Slow                     Hex            0%         N/A       100%        1
 Static Discharge         Conj/Air       0%         3-3/arc   100%        2
 Wereblood                Tmut           0%         N/A       100%        2
 Confusing Touch          Hex            0%         N/A       100%        3
 Gell's Gravitas          Tloc           0%         N/A       100%        3
 Spider Form              Tmut/Pois      0%         N/A       100%        3
 Summon Guardian Golem    Hex/Summ       0%         N/A       100%        3
 Teleport Other           Tloc           0%         N/A       100%        3
 Vampiric Draining        Necr           0%         2d6       100%        3
 Anguish                  Hex/Necr       0%         N/A       100%        4
 Dispel Undead            Necr           0%         3d6       100%        4
 Olgreb's Toxic Radiance  Pois           0%         N/A       100%        4
 Sticky Flame             Conj/Fire      0%         2d3       100%        4
 Yara's Violent Unravell  Hex/Tmut       0%         3d3       100%        5
 Dispersal                Tloc           0%         N/A       100%        6
 Enfeeble                 Hex            0%         N/A       100%        7
 Orb of Destruction       Conj           0%         9d5       100%        7
 Ozocubu's Refrigeration  Ice            0%         4d5       100%        7
 Spellforged Servitor     Conj/Summ      0%         N/A       100%        7
 Ignition                 Fire           0%         3d3       100%        8
 Animate Dead             Necr           Unusable   N/A       N/A         4

Dungeon Overview and Level Annotations

Branches:
Dungeon (11/15)            Temple (1/1) D:7            Lair (0/6) D:11
    Orc: D:9-12

Altars:
Ashenzari
Cheibriados
Dithmenos
Fedhas
Gozag
Hepliaklqana
Kikubaaqudgha
Makhleb
Nemelex Xobeh
Okawaru
Qazlal
Ru
Sif Muna
Trog
Uskayaw
Vehumet
Wu Jian
Xom
Yredelemnul

Shops:
D:3 *   D:5 (   D:9 !?:

Annotations:
D:10 4 transporters


Innate Abilities, Weirdness & Mutations

You are mostly covered in icy blue scales. (AC +3)
You sometimes gain power by taking damage.
You have a sharp stinger which inflicts weakening toxins.


Message History

Aim: a boulder beetle (heavily wounded, 92% to hit)
You shoot a bolt.
The bolt hits the boulder beetle but does no damage.
The boulder beetle is heavily wounded.
The boulder beetle leaps!
Fire: a) +4 arbalest (flame)
Press: ? - help, Shift-Dir - straight line, f/p - boulder beetle
Aim: a boulder beetle (heavily wounded, 92% to hit)
You shoot a bolt.
The bolt hits the boulder beetle but does no damage.
The boulder beetle is heavily wounded.
Fire: a) +4 arbalest (flame)
Press: ? - help, Shift-Dir - straight line, f/p - boulder beetle
Aim: a boulder beetle (heavily wounded, 92% to hit)
You shoot a bolt. The bolt hits the boulder beetle.
The bolt burns the boulder beetle.
The boulder beetle is heavily wounded.
The boulder beetle bites you!
You focus on the pain.
You feel very mighty all of a sudden. The boulder beetle bites you.
* * * LOW HITPOINT WARNING * * *
Fire: a) +4 arbalest (flame)
Press: ? - help, Shift-Dir - straight line, f/p - boulder beetle
Aim: a boulder beetle (heavily wounded, 92% to hit)
You shoot a bolt.
The bolt hits the boulder beetle but does no damage.
The boulder beetle is heavily wounded.
The boulder beetle barely misses you.
Fire: a) +4 arbalest (flame)
Press: ? - help, Shift-Dir - straight line, f/p - boulder beetle
Aim: a boulder beetle (heavily wounded, 92% to hit)
You shoot a bolt.
The bolt barely misses the boulder beetle.
The boulder beetle bites you!!
* * * LOW HITPOINT WARNING * * *
You focus on the pain.
You feel mightier all of a sudden. The boulder beetle bites you.
You die...
Your body crumbles into a pile of gold.

.©.8# ####.#.###.#######.#
##### #.........>......#.#
.©.8# ###....#.##......#.#
....# #.......#.######.#
....# #....#..#.# #.# ....###
#....#..#.######.#
......##########..#.##.....#
###.......# #####.##.#####
###....##.# #$@B.....#
...#...##.# #.###.#######
...#.#.##.# #.#...#.....#
##...#.##.# #.#.#.#.###.#
##...#.##.#####.#.###.# #.#
##..>#.##.............# #.###
##.#...########.#.#######...#
##..........#...#......####.#
................#...........#


You could see a boulder beetle.

Vanquished Creatures
  A two-headed ogre (D:9)
  A deep elf pyromancer (D:7)
  An ugly thing (D:11)
  Psyche (D:9)
  A kobold demonologist (D:9)
  An unseen horror (D:11)
  3 trolls
  Prince Ribbit (D:5)
  A wyvern (D:9)
  A shadow (D:11)
  A wraith (D:10)
  7 yaks
  2 steam dragons
  5 orc warriors
  3 ogres
  3 black bears
  5 wolves
  4 centaurs
  A phantom (D:4)
  5 bullfrogs
  A necrophage (D:6)
  A gnoll sergeant (D:6)
  3 scorpions
  8 wights
  10 killer bees
  4 electric eels (D:11)
  8 howler monkeys
  6 hounds
  6 orc priests
  2 gnoll boudas
  A jelly (D:6)
  3 iguanas
  Natasha (twice) (D:3)
  6 orc wizards
  14 gnolls
  6 adders
  9 river rats (D:6)
  A white imp (D:7)
  3 worms
  2 dart slugs
  46 orcs
  7 ball pythons
  3 endoplasms
  4 giant cockroaches
  7 goblins
  3 hobgoblins
  6 jackals
  10 quokkas
  4 bats
  3 frilled lizards
  7 kobolds
  25 rats
269 creatures vanquished.

Vanquished Creatures (collateral kills)
  Joseph (D:8)
  A gnoll sergeant (D:8)
  A killer bee (D:7)
  A howler monkey (D:8)
4 creatures vanquished.

Vanquished Creatures (others)
  A wight (D:8)
  A killer bee (D:8)
  2 howler monkeys (D:8)
  An orc (D:8)
  A plant (D:7)
6 creatures vanquished.

Grand Total: 279 creatures vanquished

Notes
Turn   | Place    | Note
-------+----------+-------------------------------------------
     0 | D:1      | blackman the Demonspawn Artificer began the quest for the
                  | Orb.
     0 | D:1      | Reached XP level 1. HP: 15/15 MP: 1/1
   689 | D:1      | Found a faded altar of an unknown god.
   739 | D:1      | Gained mutation: You have a small tail. [demonic ancestry]
   739 | D:1      | Reached XP level 2. HP: 21/21 MP: 2/2
   769 | D:1      | Prayed at the altar of an unknown god.
   769 | D:1      | Became a worshipper of Kikubaaqudgha
   769 | D:1      | Reached * piety under Kikubaaqudgha
   769 | D:1      | Received a gift from Kikubaaqudgha
  1339 | D:2      | Reached XP level 3. HP: 20/26 MP: 3/3
  1907 | D:2      | Reached ** piety under Kikubaaqudgha
  2109 | D:2      | Found a sparkling altar of Nemelex Xobeh.
  2371 | D:3      | Found an opulent altar of Gozag.
  2377 | D:3      | Fell from the grace of Kikubaaqudgha
  2379 | D:3      | Became a worshipper of Gozag Ym Sagoz the Greedy
  2412 | D:3      | Found Ogufyn's Assorted Antiques.
  2552 | D:3      | Gained mutation: You sometimes gain a little power by
                  | taking damage. [demonic ancestry]
  2552 | D:3      | Reached XP level 4. HP: 29/32 MP: 4/4
  2565 | D:3      | Reached skill level 5 in Evocations
  3175 | D:3      | Found a sacrificial altar of Ru.
  3294 | D:3      | Bought a glowing helmet for 195 gold pieces
  3320 | D:3      | Gained mutation: You are partially covered in icy blue
                  | scales. (AC +2) [demonic ancestry]
  3320 | D:3      | Reached XP level 5. HP: 39/39 MP: 5/5
  3474 | D:3      | Noticed Natasha
  3483 | D:3      | Killed Natasha
  3639 | D:3      | Noticed Natasha
  3648 | D:3      | Killed Natasha
  3777 | D:4      | Identified the +3 falchion of the Antique God {antimagic,
                  | *Noise Drain rN++ Str+9}
  3884 | D:4      | Noticed a black bear
  3891 | D:4      | Killed a black bear
  3892 | D:4      | Gained mutation: You have a tail ending in a sharp stinger.
                  | [demonic ancestry]
  3892 | D:4      | Reached XP level 6. HP: 46/50 MP: 6/6
  3914 | D:4      | Reached skill level 5 in Fighting
  4253 | D:4      | Gained mutation: You are mostly covered in icy blue scales.
                  | (AC +3) [demonic ancestry]
  4253 | D:4      | Reached XP level 7. HP: 47/58 MP: 7/7
  4263 | D:4      | Reached skill level 1 in Polearms
  4682 | D:5      | Entered Level 5 of the Dungeon
  4795 | D:5      | Noticed Prince Ribbit
  4814 | D:5      | Killed Prince Ribbit
  4986 | D:5      | Found an ancient bone altar of Kikubaaqudgha.
  5160 | D:5      | Found Zush's Weapon Emporium.
  5223 | D:5      | Reached skill level 5 in Polearms
  5223 | D:5      | Gained mutation: You have a sharp stinger which inflicts
                  | weakening toxins. [demonic ancestry]
  5223 | D:5      | Reached XP level 8. HP: 64/64 MP: 8/8
  6015 | D:5      | Bought a +4 arbalest of flaming for 361 gold pieces
  6081 | D:6      | Reached skill level 1 in Ranged Weapons
  6093 | D:6      | Reached skill level 2 in Ranged Weapons
  6149 | D:6      | Reached skill level 3 in Ranged Weapons
  6220 | D:6      | Reached skill level 4 in Ranged Weapons
  6495 | D:6      | Reached skill level 5 in Ranged Weapons
  6954 | D:6      | Reached XP level 9. HP: 53/69 MP: 9/9
  7303 | D:6      | Reached skill level 6 in Ranged Weapons
  8000 | D:7      | Reached skill level 7 in Ranged Weapons
  8555 | D:7      | Found a staircase to the Ecumenical Temple.
  8574 | Temple   | Entered the Ecumenical Temple
  8731 | D:7      | Noticed a deep elf pyromancer
  8735 | D:7      | Killed a deep elf pyromancer
  8736 | D:7      | Reached skill level 8 in Ranged Weapons
  8984 | D:8      | Noticed Joseph
  9003 | D:8      | Killed Joseph
  9004 | D:8      | Reached skill level 9 in Ranged Weapons
  9559 | D:8      | Found a radiant altar of Vehumet.
  9968 | D:8      | Identified a scroll of acquirement
 10010 | D:7      | Reached XP level 10. HP: 33/76 MP: 10/10
 10398 | D:6      | Acquired the +3 pair of gauntlets of War {Slay+5}
 10398 | D:6      | Found the +3 pair of gauntlets of War {Slay+5}
 10609 | D:8      | Found a shimmering blue altar of Sif Muna.
 10634 | D:8      | Reached skill level 10 in Ranged Weapons
 11133 | D:8      | Found an iron altar of Okawaru.
 11583 | D:9      | Noticed a two-headed ogre
 11951 | D:9      | Found Hecuasef's Magic Scroll Shoppe.
 12094 | D:9      | Found Qytzuqin's Distillery.
 12096 | D:9      | Found Veeschekk's Book Emporium.
 12862 | D:9      | Reached skill level 11 in Ranged Weapons
 12943 | D:9      | Noticed a soul eater
 13007 | D:9      | Killed a two-headed ogre
 13572 | D:9      | Was forgiven by Kikubaaqudgha
 13862 | D:9      | Noticed Psyche
 13866 | D:9      | Killed Psyche
 13867 | D:9      | Reached skill level 12 in Ranged Weapons
 14348 | D:9      | Bought 2 scrolls of acquirement for 1248 gold pieces
 14348 | D:9      | Acquired 750 gold pieces
 14349 | D:9      | Acquired 522 gold pieces
 14641 | D:10     | Entered Level 10 of the Dungeon
 14849 | D:10     | Found a transporter.
 14851 | D:10     | Found a transporter.
 14854 | D:10     | Found a transporter.
 14955 | D:10     | Found a transporter.
 15440 | D:11     | Gained mutation: You sometimes gain power by taking damage.
                  | [demonic ancestry]
 15440 | D:11     | Reached XP level 11. HP: 63/81 MP: 11/11
 15967 | D:11     | Reached skill level 13 in Ranged Weapons
 16094 | D:11     | Found a staircase to the Lair.
 16173 | D:11     | Noticed a boulder beetle
 16673 | D:10     | Upgraded the game from 0.29-a0-824-gd827844252 to
                  | 0.29-a0-830-gcb1280458a
 16725 | D:11     | Noticed a cyan ugly thing
 16729 | D:11     | Killed a cyan ugly thing
 16779 | D:11     | Noticed a bog body
 16811 | D:10     | HP: 1/81 [boulder beetle (21)]
 16811 | D:10     | Slain by a boulder beetle

Illustrated notes

Levels and vault maps discovered:
D:1:      onia_arrival_mini_spirals, layout_loops_ring,
          hellmonk_ecumenical_altar_run_dry, roderic_malta_cross
D:2:      layout_rooms, basic_altar
D:3:      layout_basic, nicolae_overflow_two_pavilions,
          overflow_temple_1_default, serial_shops, shop, serial_park_tiny_2,
          minmay_crystal_room, solitary_fountain,
          chequers_serial_rivers_micro_e, uniq_natasha
D:4:      layout_rooms
D:5:      layout_basic, nicolae_kikubaaqudgha_miasma_corner, serial_shops,
          nicolae_shop_bloodbath_and_beyond, item_on_display_a,
          uniq_prince_ribbit1
D:6:      lemuel_ratsnest, layout_cave_pools
D:7:      layout_gridville, mainiacjoe_overflow_small_starburst,
          minmay_temple_entry_poolview, guppyfry_early_elven_hall
D:8:      layout_cave_pools, nicolae_sif_muna_little_library,
          mainiacjoe_overflow_alcove_2, mainiacjoe_overflow_catwalk,
          special_room [special_room_orc], kennysheep_generic_room_8,
          uniq_joseph
D:9:      layout_loops_cross, nicolae_wooded_promenade,
          hangedman_minor_gate_pass, uniq_psyche
D:10:     layout_basic, nicolae_diode_quadrants
D:11:     dreamdust_isle_of_ice, layout_long_grid, erik_lair_island
Temple:   compressed_dpeg_circular_temple

Skill      XL: |  1  2  3  4  5  6  7  8  9 10 11 |
---------------+----------------------------------+-----
Evocations     | 4 5 |  5.1
Fighting       | 2 4 6 |  6.0
Polearms       | 5 |  5.7
Ranged Weapons | 5 9 12 13 | 13.6
Armour         | |  1.7
Dodging        | |  0.8
Stealth        | |  0.8

Action                   |  1- 3 |  4- 6 |  7- 9 | 10-12 || total
-------------------------+-------+-------+-------+-------++-------
Melee: Club              |    17 |       |       |       ||    17
       Dagger            |    97 |   176 |    81 |       ||   354
       Tailslap          |     8 |    28 |    39 |    12 ||    87
       Punch             |     3 |     3 |     2 |       ||     8
       Halberd           |       |       |   206 |    97 ||   303
       Unarmed           |       |       |     6 |       ||     6
       Arbalest          |       |       |       |     2 ||     2
 Fire: Arbalest          |       |       |    27 |   170 ||   197
Invok: Renounce Religion |     1 |       |       |       ||     1
Evoke: Wand              |     3 |     3 |    23 |     2 ||    31
  Use: Scroll            |       |       |     4 |     6 ||    10
 Stab: Distracted        |       |       |     1 |       ||     1
       Confused          |       |       |     1 |       ||     1
Armor: Leather armour    |    12 |       |       |       ||    12
       Plate armour      |    81 |   188 |   233 |   188 ||   690
       Skin              |       |       |     2 |       ||     2
Dodge: Dodged            |    33 |    66 |   115 |    61 ||   275

Table legend: (Time is in decaauts)
 A = Elapsed time spent in this place.
 B = Non-inter-level travel time spent in this place.
 C = Inter-level travel time spent in this place.
 D = Time resting spent in this place.
 E = Time spent auto-exploring this place.
 F = Levels seen in this place.
 G = Mean time per level.
                   A        B        C        D        E       F      G
               +--------+--------+--------+--------+--------+-----+--------+
         Total |  17075 |  16094 |    981 |   5592 |   8226 |  12 | 1422.9 |
       Dungeon |  16956 |  16013 |    943 |   5592 |   8158 |  11 | 1541.5 |
        Temple |    118 |     80 |     38 |      0 |     68 |   1 |  118.0 |
               +--------+--------+--------+--------+--------+-----+--------+

Top non-repeatable levels by time:
     D:9: 3357 daAuts
     D:6: 1935 daAuts
     D:8: 1898 daAuts
     D:3: 1489 daAuts
     D:7: 1465 daAuts
     D:5: 1359 daAuts
     D:1: 1334 daAuts
    D:10: 1243 daAuts
    D:11: 995 daAuts
     D:4: 987 daAuts
     D:2: 890 daAuts
  Temple: 118 daAuts
